 Dungeon Crawl Stone Soup version 0.30-a0-557-ge2afbf3030 (webtiles) character file.

Game seed: 1277257401536241800

27416 arthad the Geomancer (level 13, -19/73 HPs)
             Began as a Gargoyle Earth Elementalist on Dec 27, 2022.
             Was an Elder of Sif Muna.
             Shot with a bolt by a yaktaur (24 damage)
             ... on level 13 of the Dungeon.
             The game lasted 00:53:19 (15875 turns).

arthad the Geomancer (Gargoyle Earth Elementalist) Turns: 15875, Time: 00:53:19

Health: -19/73     AC: 15    Str: 13    XL:     13   Next: 32%
Magic:  25/25      EV: 32    Int: 20    God:    Sif Muna [****..]
Gold:   1173       SH:  0    Dex: 10    Spells: 12/29 levels left

rFire   . . .      SeeInvis .    k - staff of conjuration
rCold   + . .      Faith    .    (no shield)
rNeg    + . .      Spirit   .    T - +1 robe {Archmagi}
rPois   ∞          Reflect  .    w - +0 helmet
rElec   +          Harm     .    E - scarf {+Inv}
rCorr   .          Rampage  .    (no gloves)
Will    .....      Archmagi +    Y - +0 pair of boots {Fly}
Stlth   +++                      a - amulet of the acrobat
HPRegen 0.32/turn                p - +4 ring of evasion
MPRegen 0.19/turn                r - ring of protection from cold

@: acrobatic, flying
A: sickness immunity, AC +9, negative energy resistance 1, electricity
resistance, torment resistance 1, petrification resistance
a: Renounce Religion, Evoke Invisibility, Channel Magic, Forget Spell, Divine
Exegesis


You were on level 13 of the Dungeon.
You worshipped Sif Muna.
Sif Muna was greatly pleased with you.
You visited 2 branches of the dungeon, and saw 14 of its levels.
You also visited: Bailey.

You collected 1173 gold pieces.

Inventory:

Hand Weapons
 m - a +4 hand axe of flaming
 I - the +8 war axe "Impslayer" {flame, rElec rN+ Str-5}
   (You found it on level 5 of the Dungeon)

   It burns those it strikes, dealing additional fire damage.
   Big, fiery blades are also staple armaments of hydra-hunters.
   Str:       It affects your strength (-5).
   rElec:     It insulates you from electricity.
   rN:        It protects you from negative energy.
 K - a +0 broad axe of freezing
Missiles
 y - 5 curare-tipped darts
 P - 9 poisoned darts
Armour
 w - a +0 helmet (worn)
 B - an orb of energy
 E - a scarf of invisibility (worn)
 L - the +0 chain mail of Marbles {rElec rPois rN+ Dex+3}
   (You found it on level 9 of the Dungeon)

   Dex:       It affects your dexterity (+3).
   rElec:     It insulates you from electricity.
   rPois:     It protects you from poison.
   rN:        It protects you from negative energy.
 O - a +0 kite shield
 Q - +0 steam dragon scales
 T - a +1 robe of the Archmagi (worn)
 X - a +0 ring mail of cold resistance
 Y - a +0 pair of boots of flying (worn)
Magical Staves
 c - a staff of poison
 k - a staff of conjuration (weapon)
Jewellery
 a - an amulet of the acrobat (around neck)
 p - a +4 ring of evasion (left hand)
 r - a ring of protection from cold (right hand)
 J - a ring of protection from cold
 M - a ring of willpower
 W - a ring of flight
Wands
 n - a wand of mindburst (27)
 z - a wand of roots (5)
 F - a wand of polymorph (14)
 Z - a wand of flame (6)
Scrolls
 d - a scroll of blinking
 e - a scroll of brand weapon
 f - 3 scrolls of amnesia
 g - 2 scrolls of vulnerability
 i - 3 scrolls of fear
 l - 4 scrolls of fog
 u - 7 scrolls of teleportation
 A - a scroll of magic mapping
 H - a scroll of poison
 R - 2 scrolls of enchant armour
 S - a scroll of immolation
 U - a scroll of silence
Potions
 b - 2 potions of magic
 h - 3 potions of curing
 j - a potion of lignification
 o - 2 potions of resistance
 q - a potion of heal wounds
 s - 2 potions of berserk rage
 t - 2 potions of invisibility
 v - 4 potions of haste
 x - a potion of brilliance
 C - 5 potions of mutation
 D - 4 potions of attraction
 V - 5 potions of flight
Miscellaneous
 N - a lightning rod (4/4)


   Skills:
 + Level 5.5 Fighting
 + Level 4.5 Axes
 + Level 6.5 Armour
 + Level 5.5 Dodging
 + Level 8.0 Stealth
 * Level 8.5 Spellcasting
 * Level 9.9 Conjurations
 - Level 2.7 Transmutations
 - Level 2.2 Air Magic
 * Level 11.5 Earth Magic
 - Level 3.0 Poison Magic
 * Level 6.2 Invocations
 - Level 4.0 Evocations


You had 12 spell levels left.
You knew the following spells:

 Your Spells              Type           Power      Damage    Failure   Level
a - Sandblast             Erth           100%       2d20      1%          1
b - Stone Arrow           Conj/Erth      100%       3d13      1%          3
c - Mephitic Cloud        Conj/Pois/Air  59%        N/A       3%          3
d - Poisonous Vapours     Pois/Air       56%        N/A       4%          2
e - Lehudib's Crystal Sp  Conj/Erth      43%        10d10     100%        8

Your spell library contained the following spells:

 Spells                   Type           Power      Damage    Failure   Level
 Magic Dart               Conj           100%       1d8       1%          1
 Passwall                 Tmut/Erth      45%        N/A       1%          2
 Searing Ray              Conj           100%       2d8       1%          2
 Dazzling Flash           Conj/Hex       100%       N/A       3%          3
 Hailstorm                Conj/Ice       59%        3d13      3%          3
 Petrify                  Tmut/Erth      54%        N/A       4%          4
 Apportation              Tloc           24%        N/A       9%          1
 Necrotise                Necr           48%        1d6       9%          1
 Summon Small Mammal      Summ           48%        N/A       9%          1
 Vhi's Electric Charge    Tloc/Air       38%        N/A       16%         3
 Arcjolt                  Conj/Air       32%        1d42      19%         5
 Olgreb's Toxic Radiance  Pois           30%        N/A       24%         4
 Alistair's Intoxication  Tmut/Pois      20%        N/A       56%         5
 Dispel Undead            Necr           12%        3d9       63%         4
 Passage of Golubria      Tloc           12%        N/A       63%         4
 Yara's Violent Unravell  Hex/Tmut       10%        3d6       77%         5
 Silence                  Hex/Air        9%         N/A       80%         5
 Agony                    Necr           12%        N/A       92%         5
 Death Channel            Necr           6%         N/A       100%        6
 Enfeeble                 Hex            6%         N/A       100%        7
 Ozocubu's Refrigeration  Ice            6%         4d8       100%        7
 Ignition                 Fire           6%         3d4       100%        8
 Maxwell's Capacitive Co  Air            13%        ∞         100%        8
 Cigotuvi's Dreadful Rot  Necr/Pois/Air  Unusable   N/A       N/A         2

Dungeon Overview and Level Annotations

Branches:
Dungeon (13/15)            Temple (1/1) D:5            Lair (0/5) D:8
    Orc (0/2) D:9          Bailey (visited)
 Vaults: D:13-14

Altars:
Ashenzari
Cheibriados
Dithmenos
Elyvilon
Fedhas
Gozag
Hepliaklqana
Kikubaaqudgha
Makhleb
Nemelex Xobeh
Okawaru
Qazlal
Ru
Sif Muna
Trog
Uskayaw
Vehumet
Wu Jian
Xom
Yredelemnul
Zin
The Shining One

Shops:
D:6 ?

Annotations:
D:1 2 transporters
D:3 3 runed translucent doors, IdlyInterested's ghost, amateur DsBr
D:6 3 runed translucent doors, Shayle's ghost, novice TeRe
D:13 3 runed translucent doors, Nialiw's ghost, journeyman GnHu; Oneket's ghost, journeyman SpCj; Wiss's ghost, journeyman DgDe


Innate Abilities, Weirdness & Mutations

You are immune to sickness and miasma.
Your stone body is resilient. (AC +9)
You are immune to poison.
You resist negative energy. (rN+)
You are resistant to electric shocks. (rElec)
You are resistant to unholy torment.
You are immune to petrification.


Message History

The yaktaur shouts!
Casting: Stone Arrow (safe; 1% risk of failure)
Confirm with . or Enter, or press ? or * to list all spells.
Aiming: Stone Arrow (safe; 1% risk of failure)
Press: ? - help, Shift-Dir - straight line, f/p - yaktaur
Aim: a yaktaur, wielding a +0 arbalest (heavily wounded, 95% to hit)
You feel a strong surge of power!
The stone arrow hits the yaktaur!
The yaktaur is almost dead.
The yaktaur shoots a bolt.
The bolt hits you!
The yaktaur shoots a bolt.
The bolt hits you!
Casting: Stone Arrow (safe; 1% risk of failure)
Confirm with . or Enter, or press ? or * to list all spells.
Aiming: Stone Arrow (safe; 1% risk of failure)
Press: ? - help, Shift-Dir - straight line, f/p - yaktaur
Aim: a yaktaur, wielding a +0 arbalest (almost dead, 95% to hit)
You feel a strong surge of power!
The stone arrow hits the yaktaur!!
You kill the yaktaur!
Sif Muna accepts your kill.
The yaktaur shoots a bolt.
The bolt hits you!!
The yaktaur wields a +3 arbalest.
The yaktaur shoots a bolt.
The bolt hits you!!
* * * LOW HITPOINT WARNING * * *
Casting: Stone Arrow (safe; 1% risk of failure)
Confirm with . or Enter, or press ? or * to list all spells.
Okay, then.
There is an open door here.
You fade into invisibility!
The yaktaur shoots a bolt.
The yaktaur shoots a bolt.
There is an open door here.
You start resting.
You flicker for a moment.
You flicker back into view.
There is an open door here.
The yaktaur shoots a bolt.
The bolt completely misses you.
The yaktaur shouts!
The yaktaur shoots a bolt.
The bolt hits you!
* * * LOW HITPOINT WARNING * * *
The yaktaur shoots a bolt.
The bolt hits you!!
You die...

#.........# #.....
#########.##### #.....
###...'.........# #.....
########...###.#######.###.....
#..<.....### #.......#.'.#.....
###.######## #.#####.#.#)#.....
....# #.#...#.#.#.#^.... #####
#.###.#.#.#.#.....
#@....#...#.'.....
#####c#######..... #.........#
#..... ####'###### ####'# #c###
#.# # #...# #.. # ###c# ### $#
#........# #.> ## #........#
#####..


You could see a yaktaur.

Vanquished Creatures
  Josephine (D:10)
  Erica (D:8)
  5 two-headed ogres
  An ugly thing (D:12)
  A wolf spider zombie (D:12)
  3 cyclopes
  A manticore (D:12)
  10 centaur zombies (D:12)
  A gargoyle (D:12)
  An unseen horror (D:11)
  3 yaktaurs (D:13)
  A queen bee (shapeshifter) (D:13)
  3 trolls
  A hornet (D:10)
  Prince Ribbit (D:6)
  4 slime creatures (D:13)
  A meliai zombie (D:12)
  Sigmund (D:5)
  10 shadows
  14 wraiths
  14 yaks
  A wyvern (D:9)
  3 steam dragons
  2 wargs (D:9)
  5 vampire mosquitoes
  An acid dragon (D:8)
  2 water moccasins
  16 orc warriors
  2 ice beasts
  A sky beast (D:5)
  A black bear (D:6)
  3 ogres
  14 centaurs
  A phantom (D:6)
  2 kobold brigands
  5 bullfrogs
  4 gnoll sergeants
  5 necrophages
  6 scorpions
  7 wights
  6 killer bees (D:9)
  4 howler monkeys
  An electric eel (D:6)
  6 orc priests
  5 hounds
  2 gnoll boudas
  Crazy Yiuf (D:6)
  2 jellies
  4 iguanas
  8 orc wizards
  7 adders
  21 gnolls
  A shadow imp (D:7)
  2 white imps
  An ufetubus (D:6)
  A worm (D:2)
  2 dart slugs
  64 orcs
  10 ball pythons
  3 bats
  7 endoplasms
  A giant cockroach (D:1)
  6 goblins
  7 hobgoblins
  A quokka (D:4)
  6 frilled lizards
  23 kobolds
  2 rats
363 creatures vanquished.

Vanquished Creatures (others)
  6 plants (D:4)
  17 withered plants (D:12)
23 creatures vanquished.

Grand Total: 386 creatures vanquished

Notes
Turn   | Place    | Note
-------+----------+-------------------------------------------
     0 | D:1      | arthad the Gargoyle Earth Elementalist began the quest for
                  | the Orb.
     0 | D:1      | Reached XP level 1. HP: 10/10 MP: 3/3
    92 | D:1      | Reached skill level 4 in Earth Magic
    99 | D:1      | Reached XP level 2. HP: 14/15 MP: 0/5
   357 | D:1      | Found a faded altar of an unknown god.
   745 | D:2      | Reached XP level 3. HP: 13/19 MP: 3/6
  1168 | D:3      | Reached skill level 1 in Conjurations
  1172 | D:3      | Learned a level 3 spell: Stone Arrow
  1179 | D:3      | Reached XP level 4. HP: 24/24 MP: 2/7
  1179 | D:3      | Noticed a scorpion
  1412 | D:3      | Found a runed translucent gate.
  1412 | D:3      | Found a runed translucent gate.
  1413 | D:3      | Found a runed translucent gate.
  1413 | D:3      | Noticed IdlyInterested's ghost (amateur DsBr)
  1440 | D:3      | Killed a scorpion
  1441 | D:3      | Reached XP level 5. HP: 20/28 MP: 4/9
  1550 | D:3      | Reached skill level 1 in Armour
  1560 | D:3      | Reached skill level 5 in Earth Magic
  2282 | D:4      | Noticed a water moccasin
  2287 | D:4      | Killed a water moccasin
  2288 | D:4      | Reached XP level 6. HP: 30/32 MP: 0/11
  3462 | D:5      | Entered Level 5 of the Dungeon
  3485 | D:5      | Reached XP level 7. HP: 36/36 MP: 4/12
  3570 | D:5      | Found Variorgh's Assorted Antiques.
  3681 | D:5      | Reached skill level 6 in Earth Magic
  3754 | D:5      | Reached skill level 1 in Evocations
  3761 | D:5      | Reached XP level 8. HP: 30/41 MP: 2/14
  3814 | D:5      | Found a staircase to the Ecumenical Temple.
  3814 | D:5      | You fall into a shaft and drop 3 floors!
  4034 | D:8      | Found a staircase to the Lair.
  4570 | D:5      | Noticed Sigmund
  4573 | D:5      | Killed Sigmund
  4574 | D:5      | Reached skill level 7 in Earth Magic
  4727 | D:5      | Identified the +3 leather armour "Gelige" {-Tele Harm rN+
                  | Int+5}
  5120 | D:5      | Found a broken altar of Ashenzari.
  5276 | D:5      | Identified the +8 war axe "Impslayer" {flame, rElec rN+
                  | Str-5}
  5293 | D:5      | Reached skill level 5 in Conjurations
  5298 | Temple   | Entered the Ecumenical Temple
  5385 | Temple   | Became a worshipper of Sif Muna the Loreminder
  5687 | D:6      | Reached skill level 5 in Spellcasting
  5687 | D:6      | Reached XP level 9. HP: 46/46 MP: 7/16
  5892 | D:6      | Noticed Prince Ribbit
  5899 | D:6      | Killed Prince Ribbit
  5900 | D:6      | Reached skill level 1 in Fighting
  5982 | D:6      | Reached skill level 1 in Axes
  6001 | D:6      | Reached skill level 5 in Stealth
  6098 | D:6      | Noticed Shayle's ghost (novice TeRe)
  6099 | D:6      | Found a runed translucent gate.
  6170 | D:6      | Found a runed translucent gate.
  6170 | D:6      | Found a runed translucent gate.
  6424 | D:6      | Found Wuojoh's Magic Scroll Emporium.
  6439 | D:6      | Found a runed translucent door.
  6440 | D:6      | Noticed Crazy Yiuf
  6678 | D:6      | Found a shimmering blue altar of Sif Muna.
  6833 | D:6      | Killed Crazy Yiuf
  6833 | D:6      | Reached * piety under Sif Muna
  6925 | D:7      | Reached skill level 8 in Earth Magic
  7393 | D:7      | Learned a level 3 spell: Mephitic Cloud
  7396 | D:7      | Learned a level 2 spell: Poisonous Vapours
  7604 | D:7      | Reached XP level 10. HP: 53/53 MP: 5/18
  7608 | D:7      | Reached skill level 1 in Transmutations
  7712 | D:7      | Found an iron altar of Okawaru.
  7718 | D:7      | Found a burning altar of Makhleb.
  7724 | D:7      | Found a shadowy altar of Dithmenos.
  7731 | D:7      | Found an opulent altar of Gozag.
  7737 | D:7      | Found a radiant altar of Vehumet.
  7745 | D:7      | Found an ancient bone altar of Kikubaaqudgha.
  7749 | D:7      | Found a blossoming altar of Fedhas.
  7998 | D:8      | Reached skill level 1 in Poison Magic
  8003 | D:8      | Noticed Erica
  8169 | D:8      | Killed Erica
  8170 | D:8      | Reached skill level 1 in Air Magic
  8170 | D:8      | Reached skill level 1 in Invocations
  8603 | D:9      | Reached ** piety under Sif Muna
  8621 | D:9      | Found a flagged portal.
  8663 | Bailey   | Entered a bailey
  9242 | D:9      | Reached skill level 9 in Earth Magic
  9596 | D:9      | Reached XP level 11. HP: 23/60 MP: 9/20
  9727 | D:9      | Found a staircase to the Orcish Mines.
  9733 | D:9      | Reached *** piety under Sif Muna
 10080 | D:9      | Identified the +0 chain mail of Marbles {rElec rPois rN+
                  | Dex+3}
 10277 | D:10     | Entered Level 10 of the Dungeon
 10330 | D:10     | Noticed a two-headed ogre
 10335 | D:10     | Killed a two-headed ogre
 10336 | D:10     | Reached skill level 5 in Armour
 10612 | D:10     | Noticed Josephine
 10615 | D:10     | Killed Josephine
 10864 | D:10     | Reached **** piety under Sif Muna
 10986 | D:10     | Learned a level 8 spell: Lehudib's Crystal Spear
 11587 | D:10     | Reached ***** piety under Sif Muna
 11749 | D:11     | Reached skill level 10 in Earth Magic
 11937 | D:11     | Received a gift from Sif Muna
 11938 | D:11     | Got Sif Muna's Incunable of Confrontation {god gift}
 11967 | D:11     | Noticed a cyclops
 11972 | D:11     | Killed a cyclops
 12039 | D:11     | Reached XP level 12. HP: 66/66 MP: 16/22
 12554 | D:11     | Noticed a two-headed ogre
 12558 | D:11     | Killed a two-headed ogre
 12754 | D:11     | Noticed a two-headed ogre
 12757 | D:11     | Killed a two-headed ogre
 12921 | D:11     | Noticed a two-headed ogre
 12925 | D:11     | Killed a two-headed ogre
 13028 | D:12     | Reached skill level 5 in Dodging
 13332 | D:12     | Reached skill level 5 in Invocations
 13629 | D:12     | Reached skill level 5 in Fighting
 13635 | D:12     | Reached skill level 11 in Earth Magic
 14177 | D:12     | Reached XP level 13. HP: 55/72 MP: 18/25
 15230 | D:13     | Found a runed translucent gate.
 15231 | D:13     | Found a runed translucent gate.
 15231 | D:13     | Found an ancient bone altar of Kikubaaqudgha.
 15232 | D:13     | Found a runed translucent gate.
 15232 | D:13     | Noticed Nialiw's ghost (journeyman GnHu)
 15236 | D:13     | Noticed a lich
 15236 | D:13     | Noticed a lich
 15236 | D:13     | Noticed Wiss's ghost (journeyman DgDe)
 15237 | D:13     | Noticed Oneket's ghost (journeyman SpCj)
 15875 | D:13     | Shot with a bolt by a yaktaur

Illustrated notes

Levels and vault maps discovered:
D:1:      spicycebolla_arrival_transporter_tutorial, layout_rooms,
          ebering_ecumenical_altar_webs
D:2:      layout_basic
D:3:      layout_loops_ring, ebering_ghost_rock_garden
D:4:      layout_basic, serial_forest, infiniplex_forest_end_3,
          infiniplex_forest_end_1, infiniplex_forest_clump_C,
          infiniplex_forest_end_1, infiniplex_forest_split,
          infiniplex_forest_end_1, infiniplex_forest_lined_ring,
          minmay_crystal_water
D:5:      minmay_opposing_rooms, layout_layer_cave, nicolae_ashenzari_skybound,
          minmay_temple_entry_mist, serial_shops, nicolae_shop_stone,
          hangedman_decor_opposing, minivault_1, kennysheep_generic_room_13,
          uniq_sigmund
D:6:      layout_basic, serial_shops, shop_fountains, ebering_ghost_rock_garden,
          kennysheep_diamond, uniq_prince_ribbit1, uniq_crazy_yiuf_cottage
D:7:      layout_loops_ring, grunt_temple_overflow_octagram
D:8:      layout_cave_pools, lair_entry_dummy, uniq_erica
D:9:      layout_loops_ring, david_orc_1_choice, enter_bailey_2
D:10:     layout_roguey [special_room_orc], special_room [special_room_orc],
          uniq_josephine
D:11:     layout_gridville
D:12:     layout_loops_ring, serial_undead, serial_undead_e, serial_undead_f,
          serial_undead_f, serial_undead_a, serial_undead_e, serial_undead_b,
          serial_undead_c, serial_undead_e, serial_undead_d, serial_undead_f,
          solitary_fountain
D:13:     layout_roguey, gammafunk_ghost_crypt, serial_shops,
          nicolae_shop_advertising_works [nicolae_subvault_shop_adworks],
          kennysheep_flooded_box
Temple:   eino_temple_lava

Skill      XL: |  1  2  3  4  5  6  7  8  9 10 11 12 13 |
---------------+----------------------------------------+-----
Earth Magic    | 4 5 6 7 8 9 10 11 | 11.5
Conjurations   | 1 2 3 4 5 6 7 8 9 |  9.9
Dodging        | 2 3 4 5 |  5.5
Armour         | 1 2 3 4 5 6 |  6.5
Spellcasting   | 3 4 5 6 7 8 |  8.5
Stealth        | 3 4 5 6 7 8 |  8.0
Evocations     | 1 2 3 4 |  4.0
Fighting       | 2 3 4 5 |  5.5
Axes           | 1 2 3 4 |  4.5
Transmutations | 2 |  2.7
Poison Magic   | 2 3 |  3.0
Air Magic      | 1 2 |  2.2
Invocations    | 2 3 5 6 |  6.2

Action                   |  1- 3 |  4- 6 |  7- 9 | 10-12 | 13-15 || total
-------------------------+-------+-------+-------+-------+-------++-------
Melee: Unarmed           |     4 |       |       |       |       ||     4
       Staff             |       |    54 |    20 |     1 |       ||    75
       Punch             |       |     2 |       |       |       ||     2
       Hand axe          |       |       |     3 |       |       ||     3
       War axe           |       |       |       |     5 |       ||     5
 Cast: Sandblast         |    47 |    63 |   179 |   452 |    57 ||   798
       Stone Arrow       |       |     3 |    15 |    25 |    28 ||    71
       Mephitic Cloud    |       |       |     1 |     3 |       ||     4
       Poisonous Vapours |       |       |       |     4 |       ||     4
Invok: Channel Magic     |       |       |       |     1 |       ||     1
Evoke: Wand              |       |       |     1 |       |       ||     1
  Use: Potion            |       |     2 |     2 |     4 |     1 ||     9
       Scroll            |       |       |    17 |     8 |     2 ||    27
Armor: Robe              |     4 |    12 |    28 |   187 |    11 ||   242
       Steam dragon scal |       |       |       |     7 |       ||     7
Dodge: Dodged            |     6 |    30 |   105 |   388 |    47 ||   576

Table legend: (Time is in decaauts)
 A = Elapsed time spent in this place.
 B = Non-inter-level travel time spent in this place.
 C = Inter-level travel time spent in this place.
 D = Time resting spent in this place.
 E = Time spent auto-exploring this place.
 F = Levels seen in this place.
 G = Mean time per level.
                   A        B        C        D        E       F      G
               +--------+--------+--------+--------+--------+-----+--------+
         Total |  16332 |  15916 |    416 |   1939 |  10973 |  15 | 1088.8 |
       Dungeon |  15643 |  15233 |    410 |   1725 |  10684 |  13 | 1203.3 |
        Temple |     94 |     88 |      6 |      0 |     63 |   1 |   94.0 |
        Bailey |    594 |    594 |      0 |    214 |    225 |   1 |  594.0 |
               +--------+--------+--------+--------+--------+-----+--------+

Top non-repeatable levels by time:
    D:12: 2192 daAuts
     D:5: 1817 daAuts
    D:10: 1513 daAuts
     D:4: 1389 daAuts
    D:11: 1327 daAuts
     D:6: 1284 daAuts
     D:7: 1208 daAuts
     D:9: 1163 daAuts
     D:3: 904 daAuts
     D:8: 813 daAuts
    D:13: 796 daAuts
     D:1: 645 daAuts
  Bailey: 594 daAuts
     D:2: 588 daAuts
  Temple: 94 daAuts
